 Dungeon Crawl Stone Soup version 0.23.0 (webtiles) character file.

Game seed: 4569348282261807407

42318 Borgoz the Grappler (level 14, -9/127 HPs)
             Began as a Ghoul Gladiator on Feb 9, 2019.
             Was a Priest of Ashenzari.
             Mangled by a red ugly thing (19 damage)
             ... on level 15 of the Dungeon on Feb 10, 2019.
             The game lasted 01:11:40 (21957 turns).

Borgoz the Grappler (Ghoul Gladiator)              Turns: 21957, Time: 01:11:41

Health: -9/127     AC: 12    Str: 24    XL:     14   Next: 19%
Magic:  13/13      EV: 17    Int:  3    God:    Ashenzari [***...]
Gold:   965        SH:  0    Dex: 14    Spells: 13/13 levels left

rFire    . . .     SeeInvis +     - Unarmed
rCold    + + .     Gourm    .   (no shield)
rNeg     + + +     Faith    .   q - +2 scale mail {rC+}
rPois    ∞         Spirit   .   B - +0 helmet (curse)
rElec    .         Reflect  .   (no cloak)
rCorr    .         Harm     .   (no gloves)
MR       +....                  (no boots)
Stlth    +++++.....             (no amulet)
HPRegen  0.00/turn              v - ring of stealth
MPRegen  0.13/turn              I - ring of stealth (curse)

@: mighty, rotting
A: rotting body, claws 1, carnivore, cold resistance 1, negative energy
resistance 3, inhibited regeneration, torment resistance, unbreathing
a: Curse Item, Scrying, Renounce Religion


You were on level 15 of the Dungeon.
You worshipped Ashenzari.
Ashenzari was most pleased with you.
You were not hungry.

You visited 4 branches of the dungeon, and saw 20 of its levels.

You collected 1329 gold pieces.
You spent 364 gold pieces at shops.

Inventory:

Hand Weapons
 b - a +0 arbalest
 s - a +0 blowgun
 S - a +2 shortbow of freezing
Missiles
 c - 7 throwing nets (quivered)
 n - 66 poisoned needles
 M - 337 arrows
 N - 299 bolts
 T - 5 tomahawks
Armour
 h - a +0 troll leather armour
 q - a +2 scale mail of cold resistance (worn)
 B - a cursed +0 helmet (worn)
 P - the +1 ring mail "Teism" {rF+ Str+6 Int+3}
   (You found it on level 10 of the Dungeon)

   It affects your strength (+6).
   It affects your intelligence (+3).
   It protects you from fire.
 W - a +1 pair of gloves
Jewellery
 l - a +2 ring of strength
 v - a ring of stealth (left claw)
 x - an uncursed ring of resist corrosion
 D - an uncursed amulet of the acrobat
 I - a cursed ring of stealth (right claw)
 J - a +4 ring of intelligence
 L - a +4 ring of intelligence
 Q - an uncursed ring of resist corrosion
Wands
 f - a wand of acid (11)
 o - a wand of scattershot (5)
 p - a wand of random effects (23)
 C - a wand of iceblast (5)
 F - a wand of disintegration (13)
 G - a wand of flame (21)
 O - a wand of polymorph (5)
 U - a wand of digging (6)
Scrolls
 a - a scroll of vulnerability {unknown}
 g - 10 scrolls of remove curse
 i - 3 scrolls of fog
 j - 3 scrolls of enchant armour {unknown}
 k - 2 scrolls of fear
 r - 4 scrolls of magic mapping
 t - 2 scrolls of summoning {unknown}
 u - 2 scrolls of random uselessness {unknown}
 y - a scroll of acquirement {unknown}
 A - a scroll of enchant weapon
 E - 2 scrolls of immolation {unknown}
 R - a scroll of torment
 X - a scroll of teleportation
 Y - a scroll of amnesia
Potions
 e - 3 potions of brilliance
 w - 2 potions of resistance
 K - 2 potions of curing
Miscellaneous
 z - a sack of spiders
Comestibles
 d - 35 rations


   Skills:
 + Level 12.7 Fighting
 - Level 1.7 Throwing
 + Level 10.7 Armour
 + Level 11.0 Dodging
 + Level 8.6 Stealth
 + Level 12.9 Unarmed Combat


You had 13 spell levels left.
You didn't know any spells.
Your spell library contained the following spells:

 Spells                   Type           Power        Failure   Level  Hunger
 Sandblast                Erth           #.....       77%         1    ##.....
 Summon Small Mammal      Summ           #...         77%         1    ##.....
 Call Imp                 Summ           #.......     88%         2    ###....
 Passwall                 Tmut/Erth      #.......     88%         2    ###....
 Call Canine Familiar     Summ           #.......     98%         3    ####...
 Recall                   Summ/Tloc      N/A          98%         3    ####...
 Stone Arrow              Conj/Erth      #.....       98%         3    ####...
 Summon Guardian Golem    Hex/Summ       #.......     98%         3    ####...
 Animate Dead             Necr           N/A          100%        4    #####..
 Petrify                  Tmut/Erth      #.......     100%        4    #####..
 Summon Ice Beast         Ice/Summ       #.......     100%        4    #####..
 Summon Lightning Spire   Summ/Air       #.......     100%        4    #####..
 Borgnjor's Vile Clutch   Necr/Erth      #.........   100%        5    ######.
 Lee's Rapid Deconstruct  Erth           #.........   100%        5    ######.
 Death Channel            Necr           #.........   100%        6    #######
 Simulacrum               Ice/Necr       #.........   100%        6    #######


Dungeon Overview and Level Annotations

Branches:
Dungeon (15/15)            Temple (1/1) D:5            Lair (3/6) D:10
    Orc (1/2) D:10         Vaults (0/5) D:14         Depths (0/5) D:15
  Swamp: Lair:2-4    Shoals: Lair:2-4     Snake: Lair:2-4    Spider: Lair:2-4

Altars:
Ashenzari
Cheibriados
Dithmenos
Elyvilon
Fedhas
Gozag
Hepliaklqana
Kikubaaqudgha
Makhleb
Nemelex Xobeh
Okawaru
Qazlal
Ru
Sif Muna
Trog
Uskayaw
Vehumet
Wu Jian
Xom
Yredelemnul
Zin
The Shining One

Shops:
D:10 [   D:15 !

Annotations:
D:12 3 runed translucent doors, buskinjo's ghost, journeyman DsFi


Innate Abilities, Weirdness & Mutations

Your body is rotting away.
You thrive on raw meat.
You are immune to poison.
You have sharp fingernails.
You are carnivorous and can eat meat at any time.
Your flesh is cold resistant. (rC+)
You are immune to negative energy. (rN+++)
You do not regenerate when monsters are visible.
You are immune to unholy pain and torment.
You can survive without breathing.


Message History

* * * LOW HITPOINT WARNING * * *
The meliai calls down the wrath of its god upon you.
Something smites you!
* * * LOW HITPOINT WARNING * * *
You feel much better. The red ugly thing punches you.
* * * LOW HITPOINT WARNING * * *
You are engulfed in flames!
* * * LOW HITPOINT WARNING * * *
You claw the red ugly thing!
The red ugly thing is almost dead.
The red ugly thing completely misses you.
You closely miss the red ugly thing.
The red ugly thing is almost dead.
The red ugly thing closely misses you.
You closely miss the red ugly thing.
The red ugly thing is almost dead.
The red ugly thing punches you!
* * * LOW HITPOINT WARNING * * *
You are engulfed in flames!!
You die...

...............##.....##.....####
...............###...###........#
..............###.....##........#
.J............##.##.##.#.........
................###.###..........
..................#.#........#[..
....(..((.....{...#.#.........[..
.........(...c####..#............
...........(.yJu@........).......
..............#######.##..<..###.
........................)......+.
..............###............###.
..............###......∩......##.
..............#..........#.......
.........................#.......
...............'.........#....(.#
,, {#'#........#......#


You could see a red ugly thing, a slime creature, a meliai and a centaur.

Vanquished Creatures
  A yaktaur captain (D:15)
  3 centaur warriors
  A hydra (D:12)
  4 two-headed ogres
  A death yak (D:11)
  A tengu warrior (D:14)
  2 unseen horrors
  A wizard (D:14)
  An orc knight (D:13)
  A wolf spider zombie (D:13)
  7 ugly things
  A deep elf mage (D:14)
  An oklob plant (Lair:1)
  3 orc sorcerers (Orc:1)
  A manticore (D:11)
  5 cyclopes
  A gargoyle (D:15)
  4 spiny frogs
  4 kobold demonologists
  7 yaktaurs (D:11)
  A rime drake (Lair:1)
  3 komodo dragons
  5 trolls
  2 meliai (D:15)
  Grinder (D:4)
  3 hornets
  Prince Ribbit (D:9)
  4 blink frogs
  5 slime creatures
  2 meliai zombies
  3 hippogriffs
  A spriggan (shapeshifter) (D:14)
  A wyvern (D:12)
  2 wraiths
  13 yaks
  Eustachio (D:4)
  2 water elementals (D:11)
  2 basilisks
  2 steam dragons
  A hungry ghost (D:12)
  A warg (Orc:1)
  4 vampire mosquitoes (D:13)
  Edmund (D:4)
  A soldier ant (D:14)
  Duvessa (D:7)
  2 acid dragons
  4 porcupines
  A water moccasin (Lair:2)
  15 orc warriors
  3 sky beasts
  3 ice beasts
  3 black bears
  A hornet zombie (D:12)
  3 phantoms
  A necrophage (D:14)
  An eye of draining (D:9)
  10 ogres
  18 centaurs
  2 crocodiles
  6 big kobolds
  14 bullfrogs
  2 wyvern zombies
  Dowan (D:7)
  4 scorpions
  5 killer bees (D:12)
  9 wights
  8 howler monkeys
  7 crimson imps
  2 quasits
  2 jellies
  2 bullfrog zombies
  10 hounds
  15 orc wizards
  A gnoll shaman (D:6)
  10 orc priests
  A bullfrog skeleton (D:12)
  5 centaur skeletons
  2 iguanas
  7 worker ants
  A killer bee zombie (D:7)
  A howler monkey zombie (D:8)
  21 gnolls
  2 howler monkey skeletons
  10 adders
  5 shadow imps
  5 worms
  2 dart slugs (D:1)
  7 leopard geckos
  56 orcs
  2 giant cockroaches
  A hobgoblin (D:1)
  12 jackals
  4 quokkas
  A ball python (D:2)
  5 bats (D:1)
  6 frilled lizards
  10 goblins
  14 kobolds
  A quokka skeleton (D:9)
  5 rats
  A bush (Lair:1)
465 creatures vanquished.

Vanquished Creatures (others)
  A jackal (D:7)
1 creature vanquished.

Grand Total: 466 creatures vanquished

Notes
Turn   | Place    | Note
-------+----------+-------------------------------------------
     0 | D:1      | Borgoz the Ghoul Gladiator began the quest for the Orb.
     0 | D:1      | Reached XP level 1. HP: 17/17 MP: 0/0
    47 | D:1      | You fall through a shaft!
    66 | D:1      | Reached XP level 2. HP: 24/25 MP: 1/1
   214 | D:1      | Reached skill level 1 in Armour
   386 | D:1      | Reached XP level 3. HP: 29/29 MP: 2/2
   813 | D:2      | Reached XP level 4. HP: 32/38 MP: 3/3
   855 | D:2      | Found a bloodstained altar of Trog.
   857 | D:2      | Found a sacrificial altar of Ru.
   857 | D:2      | Found a sparkling altar of Nemelex Xobeh.
   857 | D:2      | Found a glowing golden altar of the Shining One.
   857 | D:2      | Found a snail-covered altar of Cheibriados.
   900 | D:2      | Found a blossoming altar of Fedhas.
  1286 | D:3      | Reached XP level 5. HP: 34/45 MP: 4/4
  1889 | D:3      | Reached XP level 6. HP: 47/52 MP: 5/5
  2438 | D:4      | Noticed Edmund
  2438 | D:4      | Noticed Eustachio
  2460 | D:4      | Noticed a phantom
  2504 | D:4      | Found Pehat's Book Shop.
  2519 | D:4      | Noticed Grinder
  2701 | D:5      | Entered Level 5 of the Dungeon
  2765 | D:5      | Found a staircase to the Ecumenical Temple.
  2811 | D:5      | Reached skill level 5 in Unarmed Combat
  2814 | D:5      | Found a stormy altar of Qazlal.
  2846 | Temple   | Entered the Ecumenical Temple
  2899 | Temple   | Became a worshipper of Ashenzari the Shackled
  3090 | D:5      | Reached XP level 7. HP: 48/60 MP: 6/6
  3513 | D:5      | Reached skill level 5 in Fighting
  3677 | D:5      | Reached XP level 8. HP: 17/68 MP: 7/7
  4300 | D:5      | Reached skill level 5 in Dodging
  4624 | D:4      | Killed Eustachio
  4738 | D:4      | Paralysed by Grinder for 3 turns
  4746 | D:4      | Paralysed by Grinder for 6 turns
  4760 | D:4      | Killed Grinder
  5456 | D:5      | Reached XP level 9. HP: 58/76 MP: 8/8
  5759 | D:6      | Reached skill level 5 in Armour
  5988 | D:6      | Reached * piety under Ashenzari
  6206 | D:6      | Found a radiant altar of Vehumet.
  6207 | D:6      | Found a burning altar of Makhleb.
  6678 | D:4      | Killed Edmund
  7332 | D:8      | Noticed a two-headed ogre
  7406 | D:8      | Killed a two-headed ogre
  7533 | D:8      | Reached XP level 10. HP: 76/88 MP: 9/9
  8196 | D:7      | Noticed Duvessa
  8196 | D:7      | Noticed Dowan
  8205 | D:7      | Killed Duvessa
  8211 | D:7      | Killed Dowan
  8387 | D:8      | Found a deep blue altar of Sif Muna.
 10183 | D:10     | Entered Level 10 of the Dungeon
 10183 | D:10     | Found a deep blue altar of Sif Muna.
 10213 | D:10     | Noticed a two-headed ogre
 10224 | D:10     | Killed a two-headed ogre
 10224 | D:10     | Reached XP level 11. HP: 91/97 MP: 10/10
 10252 | D:10     | Found Ymafeuh's Armour Shoppe.
 10254 | D:10     | Found a staircase to the Orcish Mines.
 10299 | D:10     | Reached ** piety under Ashenzari
 10480 | D:10     | Noticed a death yak
 10481 | D:10     | Found a staircase to the Lair.
 10481 | D:10     | Noticed a death yak
 10485 | D:9      | Noticed Prince Ribbit
 10678 | D:9      | Killed Prince Ribbit
 11075 | D:10     | Noticed a death yak
 11215 | D:11     | Killed a death yak
 11215 | D:11     | Reached skill level 10 in Unarmed Combat
 11444 | D:11     | Found a shattered altar of Ashenzari.
 11619 | D:11     | Noticed a brown ugly thing
 11633 | D:11     | Killed a brown ugly thing
 11784 | D:10     | Got the mace "Wunas" {flame, Dex+3}
 11988 | D:10     | Got the cursed ring mail "Teism" {rF+ Str+6 Int+3}
 11999 | D:10     | Identified the cursed +1 ring mail "Teism" {rF+ Str+6
                  | Int+3} (You found it on level 10 of the Dungeon)
 12216 | D:11     | Reached skill level 10 in Fighting
 12319 | D:11     | Noticed a cyclops
 12319 | D:11     | Noticed a manticore
 12326 | D:11     | Killed a manticore
 12331 | D:11     | Killed a cyclops
 13031 | D:11     | Reached skill level 1 in Stealth
 13047 | D:11     | Noticed a white ugly thing
 13056 | D:11     | Killed a white ugly thing
 13056 | D:11     | Reached XP level 12. HP: 87/108 MP: 11/11
 13172 | D:11     | Noticed a death yak
 13174 | D:11     | Noticed a death yak
 14130 | Lair:1   | Entered Level 1 of the Lair of Beasts
 14626 | Lair:1   | Identified the +1 mace "Wunas" {flame, Dex+3} (You found it
                  | on level 10 of the Dungeon)
 16150 | Lair:2   | Noticed an eight-headed hydra
 17058 | Orc:1    | Entered Level 1 of the Orcish Mines
 17194 | Orc:1    | Reached skill level 5 in Stealth
 17551 | D:12     | Reached skill level 10 in Dodging
 17665 | D:12     | Reached XP level 13. HP: 105/116 MP: 12/12
 17894 | D:12     | Found a runed translucent gate.
 17894 | D:12     | Found a runed translucent gate.
 17894 | D:12     | Found a runed translucent gate.
 17894 | D:12     | Noticed buskinjo's ghost (journeyman DsFi)
 17919 | D:12     | Reached *** piety under Ashenzari
 19289 | D:13     | Reached skill level 10 in Armour
 20497 | D:14     | Found a gate to the Vaults.
 20691 | D:15     | Entered Level 15 of the Dungeon
 20797 | D:15     | Found a staircase to the Depths.
 20797 | D:15     | Noticed a yaktaur captain
 20808 | D:15     | Killed a yaktaur captain
 20982 | D:15     | Reached XP level 14. HP: 90/127 MP: 13/13
 21070 | D:15     | HP: 2/127 [gargoyle/stone arrow (18)]
 21095 | D:15     | Found Zuytuliul's Distillery.
 21832 | D:15     | Bought a potion of ambrosia for 104 gold pieces
 21832 | D:15     | Bought a potion of might for 52 gold pieces
 21832 | D:15     | Bought 2 potions of curing for 78 gold pieces
 21832 | D:15     | Bought a potion of heal wounds for 65 gold pieces
 21832 | D:15     | Bought a potion of heal wounds for 65 gold pieces
 21953 | D:15     | HP: 6/127 [meliai/divine providence (9)]
 21957 | D:15     | Mangled by a red ugly thing

Skill      XL: |  1  2  3  4  5  6  7  8  9 10 11 12 13 14 |
---------------+-------------------------------------------+-----
Armour         | 1 2 3 4 6 7 8 9 10 | 10.7
Dodging        | 3 4 5 6 8 9 10 11 | 11.0
Fighting       | 3 4 5 6 7 9 10 11 12 | 12.7
Unarmed Combat | 4 5 6 8 9 10 11 12 | 12.9
Stealth        | 1 5 8 |  8.6
Throwing       | |  1.7

Action                   |  1- 3 |  4- 6 |  7- 9 | 10-12 | 13-15 || total
-------------------------+-------+-------+-------+-------+-------++-------
Melee: Unarmed           |    87 |   207 |   367 |   837 |   608 ||  2106
       Punch             |       |     2 |     8 |    56 |    49 ||   115
 Fire: Shortbow          |       |       |       |     3 |       ||     3
       Arbalest          |       |       |       |    14 |       ||    14
Throw: Throwing net      |       |       |     5 |       |     1 ||     6
Invok: Curse Item        |       |       |       |     2 |       ||     2
Evoke: Wand              |       |       |     2 |    13 |     9 ||    24
  Use: Scroll            |     1 |       |     2 |    18 |     9 ||    30
       Potion            |       |       |     3 |    11 |     5 ||    19
 Stab: Sleeping          |       |     1 |     1 |     6 |    14 ||    22
       Held in net/web   |       |       |     3 |       |     1 ||     4
       Paralysed         |       |       |     7 |    21 |       ||    28
       Invisible         |       |       |       |     4 |       ||     4
       Distracted        |       |       |       |       |     1 ||     1
  Eat: Chunk             |     3 |    27 |    24 |   122 |    98 ||   274
Armor: Leather armour    |    33 |    30 |    86 |    56 |       ||   205
       Ring mail         |       |       |       |    90 |    43 ||   133
       Scale mail        |       |       |       |       |   100 ||   100
Dodge: Dodged            |    75 |   114 |   298 |   577 |   459 ||  1523
